 Dungeon Crawl Stone Soup version 0.27-a0-170-g607d9e9d85 (webtiles) character file.

Game seed: 3983702492288978389

18 vurker the Sneak (level 2, -1/14 HPs)
             Began as a Vine Stalker Enchanter on Jan 28, 2021.
             Slain by a hobgoblin
             ... wielding a +0 club
              (5 damage)
             ... on level 1 of the Dungeon.
             The game lasted 00:00:45 (938 turns).

vurker the Sneak (Vine Stalker Enchanter)            Turns: 938, Time: 00:00:46

Health: -1/14      AC:  2    Str: 10    XL:     2   Next: 70%
Magic:  0/6        EV: 11    Int: 15    God:
Gold:   13         SH:  3    Dex: 14    Spells: 4/5 levels left

rFire    . . .     SeeInvis .     - Unarmed
rCold    . . .     Faith    .   d - +0 buckler
rNeg     . . .     Spirit   +   b - +0 robe
rPois    .         Reflect  .   (no helmet)
rElec    .         Harm     .   (no cloak)
rCorr    .         Rampage  .   (no gloves)
Will     .....                  (no boots)
Stlth    ++........             (no amulet)
HPRegen  0.04/turn              (no ring)
MPRegen  0.10/turn              (no ring)

@: no status effects
A: fangs 2, magic shield, antimagic bite, no potion heal 3
a: no special abilities


You were on level 1 of the Dungeon.
You visited 1 branch of the dungeon, and saw 1 of its levels.

You collected 13 gold pieces.

Inventory:

Armour
 b - a +0 robe (worn)
 d - a +0 buckler (worn)
   (You found it on level 1 of the Dungeon)
Scrolls
 c - 3 scrolls of identify {unknown}
 e - a scroll of teleportation {unknown}
Potions
 a - a potion of might {unknown}


   Skills:
 + Level 1.0 Fighting
 - Level 0.8 Short Blades
 - Level 1.5 Dodging
 - Level 3.6 Stealth
 + Level 0.0 Shields
 * Level 1.8 Unarmed Combat
 - Level 2.1 Spellcasting
 - Level 3.0 Hexes


You had 4 spell levels left.
You knew the following spells:

 Your Spells              Type           Power        Failure   Level
a - Corona                Hex            11%          11%         1

Your spell library contained the following spells:

 Spells                   Type           Power        Failure   Level
 Ensorcelled Hibernation  Hex/Ice        12%          30%         2
 Confusing Touch          Hex            10%          32%         3
 Tukima's Dance           Hex            10%          32%         3
 Dazzling Flash           Conj/Hex       12%          52%         3


Dungeon Overview and Level Annotations

Branches:
Dungeon (1/15)

Altars:


Innate Abilities, Weirdness & Mutations

You have extremely sharp teeth.
When hurt, damage is shared between your health and your magic reserves.
Your bite disrupts and absorbs the magic of your enemies.
Potions cannot restore your health.


Message History

You kill the giant cockroach!
You see here a giant cockroach corpse.
The rat barely misses you.
You closely miss the rat. You bite the rat, but do no damage.
The rat closely misses you.
You closely miss the rat. The rat barely misses you.
You hit the rat but do no damage. You bite the rat.
You kill the rat!
No target in view!
No target in view!
No target in view!
No target in view!
No target in view!
No target in view!
No target in view!
No target in view!
No target in view!
No target in view!
No target in view!
No target in view!
Setting a skill training target for Shields at 4.0.
Drop what? 4/52 slots (_ for help) (? for menu, Esc to quit)
You drop a +1 dagger.
You see here 25 stones.
a - a metallic ruby potion
e - a scroll labelled POROM NADEOGEGG A goblin comes into view.
It is wielding a +0 dagger.
The goblin shouts!
A goblin is nearby!
A goblin is nearby!
A goblin is nearby!
Found an encrusted peridot ring.
A hobgoblin comes into view. It is wielding a +0 club.
The goblin misses you.
The hobgoblin shouts!
You hit the goblin. The goblin barely misses you.
You closely miss the goblin. The goblin hits you with a +0 dagger.
Your shield prevents you from hitting the goblin.
The goblin hits you but does no damage. The goblin hits you with a +0 dagger.
You barely miss the goblin. You bite the goblin.
You kill the goblin!
The hobgoblin hits you with a +0 club!
* * * LOW HITPOINT WARNING * * *
Your Fighting skill increases to level 1!
You barely miss the hobgoblin.
You bite the hobgoblin, but do no damage.
The hobgoblin closely misses you.
You barely miss the hobgoblin. You block the hobgoblin's attack.
You closely miss the hobgoblin. The hobgoblin hits you with a +0 club!
You die...

#. .# #.##.##
...........
#.##
##.##.######..
....#
#...##.........
....
#.......#..####
.. #.###..#..##
........##
.........##
..........# ##
........@.# ..
........)g# #
............
.............
...............
......=........
...............
###############


You could see a hobgoblin.

Vanquished Creatures
  2 giant cockroaches (D:1)
  3 goblins (D:1)
  4 hobgoblins (D:1)
  3 frilled lizards (D:1)
  3 kobolds (D:1)
  3 rats (D:1)
18 creatures vanquished.

Notes
Turn   | Place    | Note
-------+----------+-------------------------------------------
     0 | D:1      | vurker the Vine Stalker Enchanter began the quest for the
                  | Orb.
     0 | D:1      | Reached XP level 1. HP: 9/9 MP: 4/4
   514 | D:1      | Reached skill level 1 in Unarmed Combat
   516 | D:1      | Reached XP level 2. HP: 10/14 MP: 4/6
   936 | D:1      | Reached skill level 1 in Fighting
   938 | D:1      | Slain by a hobgoblin

Illustrated notes

Levels and vault maps discovered:
D:1:      mrwooster_arrival_arrow, layout_rooms, grunt_decor_fettered,
          minmay_tromino_i4

Skill      XL: |  1  2 |
---------------+-------+-----
Unarmed Combat | 1 |  1.8
Fighting       | 1 |  1.0
Short Blades   | |  0.8
Dodging        | |  1.5
Stealth        | |  3.6
Spellcasting   | |  2.1
Hexes          | |  3.0

Action                   || total
-------------------------++-------
Melee: Dagger            ||    43
       Bite              ||    18
       Unarmed           ||    30
 Stab: Sleeping          ||     1
Armor: Robe              ||     8
Dodge: Dodged            ||    40
Block: Buckler           ||     1

Table legend: (Time is in decaauts)
 A = Elapsed time spent in this place.
 B = Non-inter-level travel time spent in this place.
 C = Inter-level travel time spent in this place.
 D = Time resting spent in this place.
 E = Time spent auto-exploring this place.
 F = Levels seen in this place.
 G = Mean time per level.
                   A        B        C        D        E       F      G
               +--------+--------+--------+--------+--------+-----+--------+
         Total |    936 |    936 |      0 |      0 |    792 |   1 |  936.0 |
       Dungeon |    936 |    936 |      0 |      0 |    792 |   1 |  936.0 |
               +--------+--------+--------+--------+--------+-----+--------+

Top non-repeatable levels by time:
     D:1: 936 daAuts
